 Dungeon Crawl Stone Soup version 0.31-a0-986-g5e6e4ef867 (webtiles) character file.

Game seed: 6926994660512016720

1634 avis the Nimble (level 8, 34/34 HPs)
             Began as a Felid Shapeshifter on Nov 19, 2023.
             Was an Initiate of Gozag.
             Got out of the dungeon alive.
             The game lasted 00:25:12 (5627 turns).

avis the Nimble (Felid Shapeshifter)                Turns: 5627, Time: 00:25:12

Health: 34/34      AC:  2    Str: 16    XL:     8   Next: 66%
Magic:  9/9        EV: 25    Int: 12    God:    Gozag
Gold:   214        SH:  0    Dex: 17    Spells: 7/7 levels left
                                        Lives:  1   Deaths: 2

rFire   . .          .
                       - Unarmed
rCold   . . .        (shield unavailable)
rNeg    . . .        (body armour unavailable)
rPois   .            (helmet unavailable)
rElec   .            (cloak unavailable)
rCorr   .            (gloves unavailable)
SInv    +            (boots unavailable)
Will    +....        r - amulet of the acrobat
Stlth   +            n - +6 ring of strength
HPRegen 0.25/turn    (no ring)
MPRegen 0.11/turn

%: acrobat
@: flux-form, glowing, quick
A: glow, contaminating, very small, claws 1, fangs 3, see invisible, speed 1,
shaggy fur 2, stealthy paws, no weapons or thrown items, no armour, multi-lived
a: Begin Untransformation, Renounce Religion, Potion Petition, Call Merchant,
Bribe Branch


You escaped.
You worshipped Gozag.
Gozag was aware of your devotion.
You were something dangerously unstable.
You visited 2 branches of the dungeon, and saw 7 of its levels.

You collected 295 gold pieces.
You paid 81 gold pieces to Gozag.

Inventory:

Jewellery
 n - a +6 ring of strength (left paw)
 r - an amulet of the acrobat (around neck)
Talismans
 b - a beast talisman
 f - a flux talisman (active)
Scrolls
 c - 3 scrolls of teleportation {unknown}
 d - a scroll of enchant armour {unknown}
 e - 3 scrolls of fog {unknown}
 j - 2 scrolls of torment {unknown}
 k - 2 scrolls of noise {unknown}
 t - a scroll of blinking {unknown}
 u - a scroll of vulnerability {unknown}
Potions
 a - a potion of lignification
 i - 2 potions of curing
 o - a potion of resistance
 p - a potion of magic {unknown}
 q - a potion of invisibility {unknown}
 s - 5 potions of enlightenment
 w - a potion of haste {unknown}


   Skills:
 - Level 3.0 Fighting
 * Level 11.5 Dodging
 - Level 3.0 Unarmed Combat
 - Level 7.0 Shapeshifting


You had 7 spell levels left.
You didn't know any spells.
Your spell library contained the following spells:

 Spells                   Type           Power      Damage    Failure   Level
 Slow                     Hex            0%         N/A       32%         1
 Call Canine Familiar     Summ           0%         N/A       69%         3
 Confusing Touch          Hex            0%         N/A       69%         3
 Ignite Poison            Fire/Tmut/Pois 0%         N/A       69%         3
 Sigil of Binding         Hex            0%         N/A       69%         3
 Vampiric Draining        Necr           0%         2d6       69%         3
 Leda's Liquefaction      Hex/Erth       0%         N/A       97%         4
 Sticky Flame             Conj/Fire      0%         2d3       97%         4
 Ignition                 Fire           0%         3d3       100%        8
 Dimensional Bullseye     Hex/Tloc       Unusable   N/A       N/A         4

Dungeon Overview and Level Annotations

Branches:
Dungeon (6/15)             Temple (1/1) D:5

Altars:
Ashenzari
Cheibriados
Dithmenos
Fedhas
Gozag
Hepliaklqana
Kikubaaqudgha
Makhleb
Okawaru
Qazlal
Ru
Sif Muna
Trog
Uskayaw
Vehumet
Wu Jian
Xom
Yredelemnul
Zin
The Shining One

Shops:
D:5 *


Innate Abilities, Weirdness & Mutations

You are something dangerously unstable.
You glow with magical radiation, making you easy to see and hit.
Foes you strike become dangerously contaminated with magical radiation.
You have sharp claws.
You have razor-sharp teeth.
You have supernaturally acute eyesight. (SInv)
You cover ground quickly. (Speed+)
You are covered in thick fur. (AC +2)
Your paws help you pounce on unaware monsters.
You are incapable of wielding weapons or throwing items.
You cannot wear armour.
You gain extra lives every three experience levels.


Message History

The yak gores you.
The rat is distracted by your dazzling golden aura.
You scratch the yak.
The yak glows dangerously bright.
The yak is severely wounded.
The yak gores you!
You scratch the yak.
The yak shudders as magic cascades through it!
You kill the yak!
The rat is no longer distracted by gold. x2
The rat barely misses you. The rat completely misses you.
You scratch the rat.
You kill the rat!
The rat is distracted by your dazzling golden aura.
You pounce on the helpless rat from behind!
You scratch the rat.
You kill the rat!
What level of the Dungeon? (default 1, ? - help)
You now have 176 gold pieces (gained 12).
You now have 207 gold pieces (gained 31).
You now have 214 gold pieces (gained 7).
There is a fountain of clear blue water here.
Things that are here:
a +0 robe; a +0 dagger; an orc skeleton
There is a stone staircase leading up here.
You climb upwards.
There is a stone staircase leading down, spattered with blood here.
There is a stone staircase leading up here.
You climb upwards.
There is a stone staircase leading down here.
There is a stone staircase leading up here.
You climb upwards.
There is a stone staircase leading down here.
HP restored.
There is a stone staircase leading up here.
You climb upwards.
There is a stone staircase leading down here.
You see here a +0 ring mail.
You see here 2 stones.
There is a staircase leading out of the dungeon here.
You have escaped!

(.......#..# #...........#####
##.####.#..######..>.............
##.# #.#.................#.#####
.#.# #.#.#######.......#.#.#..#.
.#.# #...................#.#....
.#.# ##.##########.#.#####....#.
.#.# #..#..........#.#........#.
...# #....##########.#.######.#.
##############..p..##.#.# #.....
...........##.......#.#.# #.#.#.
............#...(...#...# #...#.
########....#.......#############
# #.........#..≈≈≈..#............
# #.####.####.≈≈≈§≈§#.###########
# #.#..#.# #.§§(§§§#.# #....... #
#.#..#.# #§≈≈>§§§#.# #.###### #
#.#..#.####.§§(≈≈.#.# #.# #


There were no monsters in sight!

Vanquished Creatures
  4 yaks (D:5)
  A black bear (D:4)
  An orc warrior (D:4)
  A phantom (D:4)
  2 scorpions (D:4)
  2 hounds (D:4)
  3 sleepcaps
  2 orc priests
  2 iguanas
  Natasha (thrice) (D:3)
  3 orc wizards
  3 gnolls
  3 adders
  A river rat (D:5)
  A shadow imp (D:5)
  A white imp (D:4)
  2 ufetubi (D:6)
  An adder skeleton (D:5)
  A worm (D:2)
  9 orcs
  6 ball pythons
  2 endoplasms (D:3)
  10 giant cockroaches
  5 goblins
  9 hobgoblins
  7 jackals
  3 quokkas
  7 bats
  5 frilled lizards
  11 kobolds
  26 rats
137 creatures vanquished.

Vanquished Creatures (collateral kills)
  An orc priest (D:4)
  2 orc wizards (D:4)
  An orc (D:4)
4 creatures vanquished.

Grand Total: 141 creatures vanquished

Notes
Turn   | Place    | Note
-------+----------+-------------------------------------------
     0 | D:1      | avis the Felid Shapeshifter began the quest for the Orb.
     0 | D:1      | Reached XP level 1. HP: 9/9 MP: 2/2
    45 | D:1      | Reached skill level 3 in Dodging
   232 | D:1      | Reached XP level 2. HP: 11/12 MP: 3/3
  1156 | D:2      | Found the +5 woodcutter's axe
  1236 | D:2      | Reached XP level 3. HP: 10/16 MP: 4/4
  1573 | D:2      | Reached skill level 4 in Dodging
  2485 | D:3      | Found a faded altar of an unknown god.
  2605 | D:3      | Found a sacrificial altar of Ru.
  2812 | D:3      | Reached skill level 5 in Dodging
  2812 | D:3      | Reached XP level 4. HP: 3/19 MP: 5/5
  2927 | D:3      | Reached skill level 6 in Dodging
  3091 | D:3      | Reached XP level 5. HP: 23/23 MP: 6/6
  3166 | D:3      | You fall into a shaft and drop 3 floors!
  3285 | D:5      | Entered Level 5 of the Dungeon
  3450 | D:6      | Reached skill level 7 in Dodging
  3525 | D:5      | Slain by a sleepcap
  3613 | D:3      | Noticed Natasha
  3622 | D:3      | Killed Natasha
  3623 | D:3      | Gained mutation: You are covered in thick fur. (AC +2)
                  | [Felid growth]
  3623 | D:3      | Reached XP level 6. HP: 20/28 MP: 7/7
  3788 | D:3      | Noticed Natasha
  3799 | D:3      | Killed Natasha
  3914 | D:3      | Noticed Natasha
  3925 | D:3      | Killed Natasha
  3959 | D:4      | Reached skill level 8 in Dodging
  3994 | D:4      | Noticed an orc warrior
  4006 | D:4      | Reached skill level 9 in Dodging
  4194 | D:4      | Reached XP level 7. HP: 16/31 MP: 8/8
  4801 | D:4      | Found an ancient bone altar of Kikubaaqudgha.
  4806 | D:4      | Found a glowing golden altar of the Shining One.
  4809 | D:4      | Found a shimmering altar of Xom.
  4849 | D:5      | Found Caheacw's Lightly-Used Armoury.
  4859 | D:4      | Reached skill level 5 in Shapeshifting
  5280 | D:5      | Reached XP level 8. HP: 33/34 MP: 9/9
  5385 | D:5      | Found a staircase to the Ecumenical Temple.
  5394 | Temple   | Entered the Ecumenical Temple
  5416 | Temple   | Became a worshipper of Gozag Ym Sagoz the Greedy
  5475 | D:5      | Reached skill level 10 in Dodging
  5481 | D:5      | Reached skill level 11 in Dodging
  5483 | D:5      | Slain by a yak
  5627 | D:$      | Got out of the dungeon alive.

Illustrated notes

Levels and vault maps discovered:
D:1:      lemuel_arrival_lava_pool, layout_basic
D:2:      wad_woods_pond, layout_basic, chequers_hall_statues_wall_a,
          nicolae_figureground_pulse
D:3:      layout_basic, old_standard_altar, basic_ecumenical_altar,
          minmay_rat_hole, uniq_natasha
D:4:      layout_cave_pools, grunt_temple_overflow_diamond,
          minmay_misc_feat_room
D:5:      layout_gridville, minmay_temple_entry_junction_2, serial_undead,
          serial_undead_b, serial_undead_a, serial_undead_d, serial_undead_f,
          portal_sewer_entry_a, minmay_shop_damaged, hellmonk_no_cap
D:6:      layout_loops_cross, kennysheep_mini_moat, marbit_many_paths
Temple:   nicolae_temple_elliptical

Skill      XL: |  1  2  3  4  5  6  7  8 |
---------------+-------------------------+-----
Dodging        | 3 5 6 7 9 11 | 11.5
Fighting       | 2 3 |  3.0
Shapeshifting  | 6 7 |  7.0
Unarmed Combat | |  3.0

Action                     |  1- 3 |  4- 6 |  7- 9 || total
---------------------------+-------+-------+-------++-------
  Melee: Unarmed           |   139 |   150 |   135 ||   424
         Bite              |    13 |    19 |    24 ||    56
         Punch             |     3 |     4 |     2 ||     9
  Evoke: Wand              |       |     2 |       ||     2
    Use: Scroll            |       |       |     4 ||     4
   Stab: Sleeping          |     4 |     1 |       ||     5
         Distracted        |       |       |     1 ||     1
 Armour: Skin              |    32 |    45 |    40 ||   117
  Dodge: Dodged            |    94 |   128 |   153 ||   375
  Block: Other             |    23 |     4 |       ||    27
   Form: Flux              |       |       |     1 ||     1

Table legend: (Time is in decaauts)
 A = Elapsed time spent in this place.
 B = Non-inter-level travel time spent in this place.
 C = Inter-level travel time spent in this place.
 D = Time resting spent in this place.
 E = Time spent auto-exploring this place.
 F = Levels seen in this place.
 G = Mean time per level.
                   A        B        C        D        E       F      G
               +--------+--------+--------+--------+--------+-----+--------+
         Total |   4851 |   4341 |    510 |    990 |   2045 |   7 |  693.0 |
       Dungeon |   4806 |   4329 |    477 |    990 |   2045 |   6 |  801.0 |
        Temple |     44 |     11 |     33 |      0 |      0 |   1 |   44.0 |
               +--------+--------+--------+--------+--------+-----+--------+

Top non-repeatable levels by time:
     D:2: 1263 daAuts
     D:3: 1114 daAuts
     D:1: 938 daAuts
     D:4: 883 daAuts
     D:6: 315 daAuts
     D:5: 291 daAuts
  Temple: 44 daAuts
